 Dungeon Crawl Stone Soup version 0.17.1-3-g152610e (webtiles) character file.

176 Alarkh the Chopper (level 5, -2/38 HPs)
             Began as a Mummy Skald on Apr 16, 2016.
             Slain by Natasha (5 damage)
             ... on level 3 of the Dungeon.
             The game lasted 00:03:39 (2830 turns).

Alarkh the Chopper (Mummy Skald)                    Turns: 2830, Time: 00:03:40

Health: -2/38      AC:  9    Str: 16    XL:     5   Next: 30%
Magic:  4/8        EV: 13    Int: 12    God:    Xom [..*...]
Gold:   77         SH:  0    Dex: 11    Spells: 1 memorised, 7 levels left

rFire  x . .     SeeInvis .     g - +0 war axe
rCold  + + .     Clarity  .     m - +3 leather armour {rC+}
rNeg   + + +     SustAt   .     (no shield)
rPois  ∞         Gourm    .     i - +2 helmet
rElec  .         Spirit   .     (no cloak)
rCorr  .         Warding  .     (no gloves)
rMut   .         Stasis   .     (no boots)
MR     .....                    (no amulet)
Stlth  +.........               j - ring of flight
                                h - +2 ring of evasion

@: very slightly contaminated, slowed, very slow, not resistant to hostile
enchantments, very unstealthy
A: no food or potions, fire vulnerability, cold resistance 1, negative energy
resistance 3, torment resistance, unbreathing
a: Renounce Religion, Evoke Flight


You were on level 3 of the Dungeon.
You worshipped Xom.
You were a toy of Xom.
You were not hungry.

You visited 1 branch of the dungeon, and saw 3 of its levels.

You collected 77 gold pieces.

Inventory:

Hand Weapons
 a - a +0 hand axe
 g - a +0 war axe (weapon)
Armour
 b - a +0 leather armour
 i - a +2 helmet (worn)
 m - a +3 leather armour of cold resistance (worn)
Jewellery
 h - a +2 ring of evasion (left hand)
 j - a ring of flight (right hand)
Scrolls
 d - a scroll of identify
 e - a scroll of remove curse
 f - a scroll of immolation
 k - a scroll of amnesia
 l - 2 scrolls of enchant weapon
 n - a scroll of teleportation {unknown}
Books
 c - a book of Battle

   Spells                             Type                      Level
   a - Infusion                       Charms                       1
   b - Shroud of Golubria             Charms/Translocation         2
   c - Song of Slaying                Charms                       2
   d - Spectral Weapon                Hexes/Charms                 3
   e - Regeneration                   Charms/Necromancy            3


   Skills:
 - Level 2.0 Fighting
 + Level 4.6 Axes
 - Level 0.7 Armour
 - Level 0.7 Dodging
 - Level 2.0 Spellcasting
 - Level 2.4 Charms


You had 7 spell levels left.
You knew the following spells:

 Your Spells              Type           Power        Failure   Level  Hunger
a - Infusion              Chrm           #.....       14%         1    N/A

Dungeon Overview and Level Annotations

Branches:
Dungeon (3/15)

Altars:
Xom

Annotations:
D:3 Natasha


Innate Abilities, Weirdness & Mutations

You do not eat or drink.
Your flesh is vulnerable to fire.
You are immune to poison.
Your flesh is cold resistant.
You are immune to negative energy.
You are immune to unholy pain and torment.
You can survive without breathing.


Message History

Natasha claws you!
You barely miss Natasha.
Natasha is almost dead.
Natasha mumbles some strange words.
Natasha stares at you and mumbles some strange words.
The magic dart hits you!
You closely miss Natasha.
Natasha is almost dead.
You are no longer magically infusing your attacks.
The shadow imp disappears in a puff of smoke!
Natasha casts a spell.
Natasha claws you!
* * * LOW HITPOINT WARNING * * *
You hit Natasha but do no damage.
Natasha is almost dead.
Natasha claws you!
* * * LOW HITPOINT WARNING * * *
Natasha claws you.
You die...
Xom chuckles heartily!

########### #..........
#.......... #.......... ##
########### #.......... .#
#.........# #.÷........
.####.........#########..........
....'.........'§@h55.............
.#.##.........########.##########
.#.##.........# ####.########
.#.##.......).# ###...h........
.#.##.........# #..............
##.##.........# #...h.5........
##.##.........# #.....#########
##.##.........# #........#
##.############ ###......#


You could see Natasha, a crimson imp and a shadow imp.

Vanquished Creatures
  Ijyb (D:3)
  Natasha (D:3)
  An iguana (D:3)
  Robin (D:2)
  2 adders
  2 oozes
  A worm (D:3)
  3 giant geckos
  5 bats
  3 giant cockroaches
  12 hobgoblins
  4 jackals (D:3)
  4 giant newts
  9 goblins
  5 kobolds
  6 rats
60 creatures vanquished.

Notes
Turn   | Place    | Note
--------------------------------------------------------------
     0 | D:1      | Alarkh the Mummy Skald began the quest for the Orb.
     0 | D:1      | Reached XP level 1. HP: 16/16 MP: 3/3
   293 | D:1      | Reached XP level 2. HP: 12/22 MP: 0/5
   561 | D:1      | Found a shimmering altar of Xom.
   644 | D:1      | Became a worshipper of Xom of Chaos
   753 | D:1      | XOM: divination: magic mapping
  1146 | D:1      | XOM: scenery: create altars
  1230 | D:1      | Reached XP level 3. HP: 23/27 MP: 6/6
  1347 | D:2      | Reached skill level 3 in Axes
  1937 | D:2      | Noticed Robin
  1947 | D:2      | Killed Robin
  1947 | D:2      | Reached XP level 4. HP: 28/33 MP: 0/7
  2125 | D:2      | XOM is BORED!
  2125 | D:2      | XOM: medium Conj miscast
  2468 | D:3      | Noticed Natasha
  2477 | D:3      | Killed Natasha
  2477 | D:3      | Reached skill level 4 in Axes
  2477 | D:3      | XOM: confuse monster(s)
  2538 | D:3      | Noticed Ijyb
  2557 | D:3      | Killed Ijyb
  2589 | D:3      | Reached XP level 5. HP: 35/38 MP: 4/8
  2774 | D:3      | XOM: scenery: 1 doors close
  2808 | D:3      | Noticed Natasha
  2830 | D:3      | Slain by Natasha

Action                   |  1- 3 |  4- 6 || total
-------------------------+-------+-------++-------
Melee: Hand axe          |   105 |       ||   105
       War axe           |     7 |    78 ||    85
 Cast: Infusion          |    22 |    12 ||    34
  Use: Scroll            |     2 |     3 ||     5
